 Dungeon Crawl Stone Soup version 0.30-a0-339-g89bb51ec76 (webtiles) character file.

Game seed: 11283905138989507620

327652 twist the Gelid (level 20, -1/167 HPs)
             Began as a Demonspawn Reaver on Oct 31, 2022.
             Was the Champion of Vehumet.
             Shot with an arrow by a centaur warrior (8 damage)
             ... on level 2 of the Vaults.
             The game lasted 01:48:28 (37991 turns).

twist the Gelid (Demonspawn Reaver)                Turns: 37991, Time: 01:48:29

Health: -1/167     AC: 22    Str: 14    XL:     20   Next: 78%
Magic:  0/41       EV: 14    Int: 20    God:    Vehumet [******]
Gold:   4434       SH:  8    Dex: 12    Spells: 20/54 levels left

rFire   + . .      SeeInvis +    f - +2 morningstar (freeze)
rCold   . . .      Faith    .    F - +3 warlock's mirror {reflect}
rNeg    + . .      Spirit   +    y - +3 troll leather armour {Snorg}
rPois   .          Reflect  +    u - +1 helmet of the Depths {rN+ Slay+2}
rElec   +          Harm     .    (cloak unavailable)
rCorr   .          Rampage  +    w - +0 pair of gloves "Beneduha" {+Blink rElec Int-2 SInv}
Will    +....                    m - +1 pair of boots {rampage}
Stlth   +.........               q - amulet of magic regeneration
HPRegen 1.27/turn                r - +4 ring of protection
MPRegen 0.94/turn                E - +4 ring of protection

@: marked, hasted, very quick
A: demonic guardian 1, robust 1, magic shield, magic regeneration, magic link,
sturdy frame 3, weakness stinger 3, fire resistance 1
}: 2/15 runes: decaying, gossamer
a: Renounce Religion, Evoke Blink


You were on level 2 of the Vaults.
You worshipped Vehumet.
Vehumet was exalted by your worship.
You visited 7 branches of the dungeon, and saw 35 of its levels.
You visited the Abyss 1 time.
You also visited: Sewer, Bailey, Gauntlet and Ice Cave.

You collected 4665 gold pieces.
You spent 231 gold pieces at shops.

Inventory:

Hand Weapons
 f - a +2 morningstar of freezing (weapon)
 I - the +12 pair of quick blades "Gyre" and "Gimble" {protect}
   (You found it in a Gauntlet)

   It grants its wielder temporary protection when it strikes (+7 to AC).
Missiles
 l - 9 curare-tipped darts (quivered)
 p - 55 poisoned darts
 B - 9 silver javelins
 D - a throwing net
Armour
 b - the +0 pair of gloves of the Butterfly {Regen+ Slay+2}
   (You found it on level 3 of the Spider Nest)

   Slay:      It affects your accuracy & damage with ranged weapons and melee
   (+2).
   Regen:     It increases your rate of health regeneration.
 m - a +1 pair of boots of rampaging (worn)
 u - the +1 helmet of the Depths (worn) {rN+ Slay+2}
   (You found it in a Gauntlet)

   Slay:      It affects your accuracy & damage with ranged weapons and melee
   (+2).
   rN:        It protects you from negative energy.
 w - the +0 pair of gloves "Beneduha" (worn) {+Blink rElec Int-2 SInv}
   (You found it on level 1 of the Vaults)

   Int:       It affects your intelligence (-2).
   rElec:     It insulates you from electricity.
   SInv:      It lets you see invisible.
   +Blink:    It lets you blink.
 y - a +3 troll leather armour (worn) {Snorg}
 F - the +3 warlock's mirror (worn) {reflect}
   (You took it off a deep elf annihilator on level 3 of the Elven Halls)

   It can block and reflect piercing ranged attacks and magical attacks against
   the wielder's willpower.
 J - a +2 ring mail of poison resistance
 O - +2 acid dragon scales
Jewellery
 e - a ring of flight
 g - an amulet of reflection
 q - an amulet of magic regeneration (around neck)
 r - a +4 ring of protection (left hand)
 x - a ring of protection from fire
 E - a +4 ring of protection (right hand)
 G - a ring of poison resistance
 K - a ring of protection from cold
 N - an amulet of the acrobat
 R - an amulet of regeneration
 U - a ring of see invisible
 V - a ring of positive energy
 W - a ring of ice
 X - a ring of willpower
Wands
 k - a wand of digging (16)
 t - a wand of roots (46)
 Q - a wand of quicksilver (50)
 S - a wand of polymorph (15)
 Z - a wand of mindburst (32)
Scrolls
 a - 4 scrolls of fear
 d - 4 scrolls of magic mapping
 C - 7 scrolls of teleportation
 H - 4 scrolls of blinking
 P - 3 scrolls of butterflies
 Y - 6 scrolls of poison
Potions
 c - 2 potions of curing
 h - 8 potions of might
 i - 3 potions of brilliance
 j - 8 potions of attraction
 n - 6 potions of resistance
 o - 10 potions of mutation
 s - 2 potions of cancellation
 z - 2 potions of invisibility
 A - 5 potions of haste
 L - 5 potions of berserk rage
 M - 4 potions of magic
 T - a potion of flight


   Skills:
 - Level 11.7 Fighting
 - Level 8.0 Short Blades
 - Level 4.0 Maces & Flails
 - Level 7.3 Armour
 - Level 7.5 Dodging
 - Level 4.0 Shields
 - Level 17.6 Spellcasting
 - Level 3.3 Conjurations
 - Level 11.6 Summonings
 - Level 10.6 Translocations
 + Level 3.1 Fire Magic
 - Level 20.5 Ice Magic


You had 20 spell levels left.
You knew the following spells:

 Your Spells              Type           Power      Damage    Failure   Level
a - Freeze                Ice            100%       1d10      0%          1
b - Ozocubu's Armour      Ice            79%        N/A       0%          3
c - Ozocubu's Refrigerat  Ice            39%        4d16      1%          7
d - Kiss of Death         Conj/Necr      96%        2d12      1%          1
e - Inner Flame           Hex/Fire       23%        N/A       1%          3
f - Hailstorm             Conj/Ice       60%        3d13      1%          3
g - Malign Gateway        Summ/Tloc      29%        N/A       34%         7
h - Fulminant Prism       Conj/Hex       12%        3d9       5%          4
i - Borgnjor's Vile Clut  Necr/Erth      8%         N/A       73%         5

Your spell library contained the following spells:

 Spells                   Type           Power      Damage    Failure   Level
 Ignition                 Fire           15%        3d6       100%        8
 Chain Lightning          Conj/Air       12%        3d16      100%        9
 Shatter                  Erth           8%         3d10*     100%        9
 Frozen Ramparts          Ice            100%       1d16      0%          3
 Apportation              Tloc           100%       N/A       1%          1
 Magic Dart               Conj           100%       1d8       1%          1
 Summon Small Mammal      Summ           100%       N/A       1%          1
 Ensorcelled Hibernation  Hex/Ice        100%       N/A       1%          2
 Momentum Strike          Conj/Tloc      90%        3d10      1%          2
 Searing Ray              Conj           62%        2d6       1%          2
 Call Canine Familiar     Summ           59%        N/A       1%          3
 Dazzling Flash           Conj/Hex       48%        N/A       1%          3
 Gell's Gravitas          Tloc           57%        N/A       1%          3
 Lesser Beckoning         Tloc           100%       N/A       1%          3
 Portal Projectile        Hex/Tloc       78%        N/A       1%          3
 Stone Arrow              Conj/Erth      48%        3d10      1%          3
 Summon Guardian Golem    Hex/Summ       40%        N/A       1%          3
 Teleport Other           Tloc           57%        N/A       1%          3
 Ice Form                 Ice/Tmut       56%        N/A       1%          4
 Iskenderun's Mystic Bla  Conj/Tloc      45%        2d10      1%          4
 Manifold Assault         Tloc           57%        N/A       1%          4
 Summon Forest            Summ/Tloc      29%        N/A       1%          5
 Animate Armour           Summ/Erth      80%        N/A       3%          4
 Summon Lightning Spire   Summ/Air       40%        N/A       3%          4
 Necrotise                Necr           68%        1d7       4%          1
 Slow                     Hex            68%        N/A       4%          1
 Summon Cactus Giant      Summ           29%        N/A       5%          6
 Passwall                 Tmut/Erth      14%        N/A       6%          2
 Iskenderun's Battlesphe  Conj           31%        2d8       8%          5
 Dispersal                Tloc           28%        N/A       8%          6
 Simulacrum               Ice/Necr       28%        N/A       9%          6
 Summon Mana Viper        Hex/Summ       40%        N/A       11%         5
 Spider Form              Tmut/Pois      17%        N/A       12%         3
 Lee's Rapid Deconstruct  Erth           8%         3d7*      28%         5
 Anguish                  Hex/Necr       8%         N/A       36%         4
 Cause Fear               Hex            8%         N/A       36%         4
 Leda's Liquefaction      Hex/Erth       8%         N/A       36%         4
 Petrify                  Tmut/Erth      17%        N/A       36%         4
 Spellforged Servitor     Conj/Summ      23%        N/A       36%         7
 Starburst                Conj/Fire      15%        6d6       38%         6
 Iron Shot                Conj/Erth      12%        9d3       58%         6
 Silence                  Hex/Air        8%         N/A       73%         5
 Eringya's Noxious Bog    Tmut/Pois      8%         N/A       80%         6
 Orb of Destruction       Conj           15%        9d7       88%         7
 Summon Horrible Things   Summ           29%        N/A       92%         8
 Disjunction              Tloc           28%        N/A       97%         8
 Storm Form               Tmut/Air       8%         N/A       100%        7
 Borgnjor's Revivificati  Necr           8%         N/A       100%        8
 Discord                  Hex            8%         N/A       100%        8
 Maxwell's Capacitive Co  Air            8%         ∞         100%        8


Dungeon Overview and Level Annotations

Branches:
Dungeon (15/15)            Temple (0/1) D:5            Lair (5/5) D:10
  Swamp (4/4) Lair:2       Spider (4/4) Lair:3        Slime (0/5) Lair:4
    Orc (2/2) D:10            Elf (3/3) Orc:2        Vaults (2/5) D:13
 Depths (0/4) D:15          Sewer (visited)          Bailey (visited)
  IceCv (visited)         Gauntlet (visited)
  Crypt: Vaults:2-3

Altars:
Ashenzari
Cheibriados
Dithmenos
Fedhas
Gozag
Kikubaaqudgha
Makhleb
Okawaru
Qazlal
Trog
Uskayaw
Vehumet
Wu Jian
Yredelemnul
Jiyva

Shops:
D:15 :   Orc:2 (:?[   Elf:1 [   Vaults:1 (

Annotations:
D:6 3 runed translucent doors, KayVoo's ghost, novice TrGl
D:11 exclusion: ice statue
Lair:3 3 runed translucent doors, Wintance's ghost, journeyman FoFi
Elf:2 5 runed translucent doors
Vaults:1 Plog's ghost, adept AtMo


Innate Abilities, Weirdness & Mutations

A weak demonic guardian rushes to your aid.
You are robust. (+10% HP)
When hurt, damage is shared between your health and your magic reserves.
You regenerate magic rapidly.
When low on magic, you restore magic in place of health.
Your movements are significantly less encumbered by armour. (ER -6)
You have a sharp stinger which inflicts weakening toxins.
Your flesh is heat resistant. (rF+)


Message History

The nameless horror hits the eldritch tentacle segment.
The nameless horror hits the eldritch tentacle segment!!
The eldritch tentacle writhes!
Something hits the eldritch tentacle segment!
A centaur warrior comes into view.
The centaur warrior wields a +0 shortbow.
The centaur warrior shoots an arrow.
The arrow hits you!
* * * LOW HITPOINT WARNING * * *
Unknown command.
You feel better.
The centaur warrior shoots an arrow.
The arrow completely misses you.
The wizard gestures wildly while chanting.
The wizard blinks!
Unknown command.
Casting: Malign Gateway (dangerous; 34% risk of failure)
Confirm with . or Enter, or press ? or * to list all spells.
The heat is drained from your surroundings.
The centaur warrior is heavily wounded.
Unknown command.
Casting: Ozocubu's Refrigeration (mildly dangerous; 1% risk of failure)
Confirm with . or Enter, or press ? or * to list all spells.
The heat is drained from your surroundings.
The vault warden is lightly wounded.
The centaur warrior is almost dead.
Unknown command.
Casting: Ozocubu's Refrigeration (mildly dangerous; 1% risk of failure)
Confirm with . or Enter, or press ? or * to list all spells.
You don't have enough magic to cast this spell.
The centaur warrior shoots an arrow.
The arrow hits you.
* * * LOW HITPOINT WARNING * * *
Casting: Ozocubu's Refrigeration (mildly dangerous; 1% risk of failure)
Confirm with . or Enter, or press ? or * to list all spells.
You don't have enough magic to cast this spell.
The centaur warrior shoots an arrow.
The arrow hits you!
* * * LOW HITPOINT WARNING * * *
Casting: Ozocubu's Refrigeration (mildly dangerous; 1% risk of failure)
Confirm with . or Enter, or press ? or * to list all spells.
You don't have enough magic to cast this spell.
The centaur warrior shoots an arrow.
The arrow hits you!
You die...

'.#......##..........#
####).).)##..........#
..#########..........#
..#########..........#
###...............####
'.#.......###....c#
..#......##.##....#
..#.....##...##...#
..#....##.....##@.#
''####.#.......#..#
.....#.#)......#..#
.....#.#...<...#..#
.>...#p#....J..#..#
.....#.#...pc..#p.#
.....#.##.....##..#
.....#..##...##p..#
.....#...##.##....#


You could see a vault warden, an ironbound frostheart and a centaur warrior.

Vanquished Creatures
  Rupert (Orc:2)
  Jorgrun (Orc:1)
  2 deep elf blademasters
  Asterion (Spider:2)
  Agnes (Elf:1)
  2 deep elf master archers
  A sphinx (Vaults:1)
  Kirke (Lair:4)
  2 fenstrider witches
  3 deep elf sorcerers (Elf:3)
  4 vault wardens
  6 ghost moths
  7 emperor scorpions
  2 broodmothers
  2 deep elf elementalists
  8 ironbound preservers
  A reaper (Gauntlet)
  A stone giant (D:15)
  A starflower (Abyss:2)
  5 deep elf demonologists (Elf:3)
  9 eleionomae
  2 ironbound thunderhulks (Vaults:1)
  2 spark wasps (Spider:2)
  14 deep elf annihilators
  Snorg (D:12)
  A minotaur (Gauntlet)
  2 deep elf death magi (Elf:3)
  Josephine (Spider:1)
  4 yaktaur captains
  A fire dragon (Lair:5)
  5 entropy weavers
  A deep elf high priest (Elf:3)
  The ghost of Lanoc the Gelid, a journeyman DsIE of Nemelex Xobeh (D:13)
  A shambling mangrove (Swamp:2)
  A rakshasa (Vaults:1)
  22 hydras
  Fannar (Lair:1)
  2 ironbound frosthearts (Vaults:1)
  A jorogumo (Spider:2)
  An anaconda (Lair:3)
  9 two-headed ogres
  8 centaur warriors
  2 ogre magi
  2 radroaches
  4 death yaks (Lair:1)
  A tengu warrior (D:15)
  8 alligators
  A death scarab (Spider:4)
  4 boulder beetles
  10 dancing weapons
  An orc high priest (Orc:1)
  Amaemon (D:9)
  Nergalle (Orc:2)
  21 deep elf knights
  A fire crab (Lair:3)
  2 goliath frogs
  3 sun moths
  6 pharaoh ants
  Lodul (D:11)
  7 steelbarb worms
  3 nameless horrors
  6 spriggan druids
  11 swamp dragons
  15 orb spiders
  24 deep elf archers
  2 bog bodies
  15 deep trolls
  6 lindwurms
  5 wizards
  40 deep elf pyromancers
  3 harpies (Vaults:1)
  7 ironbound convokers
  2 orc knights
  Pikel (D:5)
  A lindwurm (shapeshifter) (D:15)
  2 necromancers
  15 wolf spiders
  33 deep elf zephyrmancers
  4 oklob plants
  16 ugly things
  4 manticores
  9 orc sorcerers
  2 will-o-the-wisps
  9 cyclopes
  18 elephants
  6 moths of wrath
  A guardian serpent (Lair:5)
  12 black mambas
  A gargoyle (D:13)
  An orange demon (D:9)
  A cane toad (shapeshifter) (Elf:3)
  4 vault sentinels
  4 torpor snails
  14 cane toads
  2 demonic crawlers
  8 rime drakes
  2 unseen horrors
  28 yaktaurs
  2 kobold demonologists
  5 komodo dragons
  3 efreet
  A tengu conjurer (D:14)
  A hellwing (Gauntlet)
  A queen bee (D:13)
  A polar bear (shapeshifter) (Elf:1)
  7 trolls
  2 polar bears
  20 tarantellas
  19 hornets
  2 bloated husks
  A blink frog (Lair:5)
  A raiju (Abyss:2)
  3 meliai (Spider:2)
  12 slime creatures
  5 tyrant leeches
  7 dream sheep (Lair:5)
  4 air elementals
  15 spriggans
  22 jumping spiders
  18 wyverns
  50 yaks
  A large abomination (Abyss:2)
  4 water elementals
  5 wraiths (Spider:1)
  15 culicivoras
  A vampire (D:12)
  4 shadows
  A ynoxinul (Abyss:2)
  5 basilisks
  3 hogs (Lair:4)
  5 fire elementals
  16 humans (D:13)
  Grum (D:11)
  34 redbacks
  6 steam dragons
  8 vampire mosquitoes
  3 acid dragons
  23 water moccasins
  18 swamp worms
  5 wargs
  2 hell hounds (Gauntlet)
  Duvessa (D:4)
  5 swamp drakes
  An ice beast (D:5)
  13 orc warriors
  Pargi (Sewer)
  A sky beast (D:8)
  A hornet zombie (D:7)
  22 ogres
  A boggart (Vaults:1)
  3 black bears
  16 wolves
  13 centaurs
  2 phantoms
  4 kobold brigands
  A small abomination (Abyss:2)
  10 bullfrogs
  2 gnoll sergeants
  3 earth elementals
  3 scorpions
  3 necrophages
  Dowan (D:4)
  25 killer bees
  4 howler monkeys
  2 electric eels
  A crimson imp (D:6)
  3 jellies
  10 orc priests
  2 hounds (D:6)
  A gnoll bouda (D:5)
  8 iguanas
  26 orc wizards
  A hell rat (Lair:3)
  A killer bee zombie (D:7)
  7 adders
  19 gnolls
  A shadow imp (D:7)
  13 white imps
  4 worms
  3 dart slugs
  67 orcs
  6 ball pythons
  9 endoplasms
  11 giant cockroaches
  10 goblins
  11 hobgoblins
  3 jackals (D:1)
  53 kobolds
  4 quokkas
  7 bats
  8 frilled lizards
  2 rats (D:1)
  A bush (Lair:1)
  3 fulminant prisms
1350 creatures vanquished.

Vanquished Creatures (collateral kills)
  Boris (Vaults:2)
  Saint Roka (Elf:3)
  Jory (Vaults:2)
  An emperor scorpion (Spider:2)
  A vault warden (Vaults:2)
  An ironbound preserver (Vaults:2)
  A starflower (Abyss:2)
  A shambling mangrove (Swamp:1)
  A centaur warrior (Vaults:2)
  A deep troll (D:15)
  2 lindwurms (Vaults:2)
  2 ironbound convokers (Vaults:2)
  An ugly thing (Vaults:2)
  A wolf spider (Lair:5)
  A fire giant zombie (Vaults:2)
  2 vault sentinels (Vaults:2)
  A frost giant skeleton (Vaults:2)
  A stone giant skeleton (Vaults:2)
  A human skeleton (Vaults:2)
  4 yaktaurs (Vaults:2)
  A rime drake (Lair:1)
  A freezing wraith (Vaults:2)
  A starcursed mass (Abyss:2)
  A wraith (Vaults:2)
  2 yaks
  A neqoxec (Abyss:2)
  A kobold brigand (D:9)
  An orc priest (D:9)
  3 orcs (D:4)
  A goblin (D:4)
  A kobold (D:4)
40 creatures vanquished.

Vanquished Creatures (others)
  6 eldritch tentacles
  A nameless horror (Vaults:2)
  A dancing weapon (Elf:3)
  A slime creature (D:14)
  A kobold (D:9)
  A demonic plant (Gauntlet)
  6 foxfires
  8 fulminant prisms
  78 fungi
  162 plants
  5 toadstools (D:3)
270 creatures vanquished.

Grand Total: 1660 creatures vanquished

Notes
Turn   | Place    | Note
-------+----------+-------------------------------------------
     0 | D:1      | twist the Demonspawn Reaver began the quest for the Orb.
     0 | D:1      | Reached XP level 1. HP: 16/16 MP: 3/3
    73 | D:1      | Gained mutation: You have a small tail. [demonic ancestry]
    73 | D:1      | Reached XP level 2. HP: 9/22 MP: 5/5
   267 | D:1      | Gained mutation: Your movements are slightly less
                  | encumbered by armour. (ER -2) [demonic ancestry]
   267 | D:1      | Reached XP level 3. HP: 10/28 MP: 6/6
   455 | D:1      | Found a faded altar of an unknown god.
   558 | D:1      | Learned a level 3 spell: Ozocubu's Armour
  1137 | D:2      | Reached skill level 1 in Ice Magic
  1171 | D:2      | Gained mutation: A weak demonic guardian rushes to your
                  | aid. [demonic ancestry]
  1171 | D:2      | Reached XP level 4. HP: 34/34 MP: 7/7
  1281 | D:2      | You fall into a shaft and drop 2 floors!
  1346 | D:3      | Identified the +11 rapier "Cefyegul" {vorpal, rCorr Str+2}
  1359 | D:3      | Found a bloodstained altar of Trog.
  1398 | D:3      | Found a broken altar of Ashenzari.
  2027 | D:4      | Reached skill level 2 in Ice Magic
  2152 | D:4      | Gained mutation: You regenerate magic rapidly. [demonic
                  | ancestry]
  2152 | D:4      | Reached XP level 5. HP: 37/39 MP: 9/9
  2362 | D:4      | Noticed a phantom
  2370 | D:4      | Killed a phantom
  2371 | D:4      | Reached skill level 3 in Ice Magic
  2371 | D:4      | Gained mutation: When hurt, damage is shared between your
                  | health and your magic reserves. [demonic ancestry]
  2371 | D:4      | Reached XP level 6. HP: 46/46 MP: 10/12
  3163 | D:4      | Found a radiant altar of Vehumet.
  3233 | D:4      | Reached skill level 4 in Ice Magic
  3320 | D:4      | Gained mutation: You have a tail ending in a sharp stinger.
                  | [demonic ancestry]
  3320 | D:4      | Reached XP level 7. HP: 48/51 MP: 11/13
  3526 | D:4      | Became a worshipper of Vehumet
  3589 | D:5      | Entered Level 5 of the Dungeon
  3643 | D:5      | Reached skill level 5 in Ice Magic
  3752 | D:5      | Reached skill level 6 in Ice Magic
  3916 | D:5      | Noticed Duvessa
  3916 | D:5      | Noticed Dowan
  3918 | D:5      | Found a stormy altar of Qazlal.
  3937 | D:4      | Killed Duvessa
  3938 | D:4      | Reached skill level 7 in Ice Magic
  3938 | D:4      | Gained mutation: When low on magic, you restore magic in
                  | place of health. [demonic ancestry]
  3938 | D:4      | Reached XP level 8. HP: 50/57 MP: 14/14
  3940 | D:4      | Killed Dowan
  3976 | D:5      | Noticed an air elemental
  4209 | D:5      | Found an ornate altar of the Wu Jian Council.
  4209 | D:5      | Noticed Pikel
  4219 | D:5      | Killed Pikel
  4220 | D:5      | Reached skill level 8 in Ice Magic
  4407 | D:5      | Found a shadowy altar of Dithmenos.
  4407 | D:5      | Found a hide-covered altar of Uskayaw.
  4409 | D:5      | Found a blossoming altar of Fedhas.
  4433 | D:5      | Reached skill level 9 in Ice Magic
  4510 | D:5      | Learned a level 7 spell: Ozocubu's Refrigeration
  4560 | D:5      | Found a snail-covered altar of Cheibriados.
  4562 | D:5      | Found an ancient bone altar of Kikubaaqudgha.
  4600 | D:5      | Found a staircase to the Ecumenical Temple.
  4748 | D:6      | Found a runed translucent gate.
  4748 | D:6      | Noticed KayVoo's ghost (novice TrGl)
  4756 | D:6      | Found a runed translucent gate.
  4757 | D:6      | Found a runed translucent gate.
  4763 | D:6      | Found a glowing drain.
  4802 | Sewer    | Entered a sewer
  4809 | Sewer    | Noticed Pargi
  4816 | Sewer    | Killed Pargi
  5187 | D:6      | Gained mutation: You have a sharp stinger which inflicts
                  | weakening toxins. [demonic ancestry]
  5187 | D:6      | Reached XP level 9. HP: 62/62 MP: 15/15
  5255 | D:6      | Reached * piety under Vehumet
  5255 | D:6      | Offered knowledge of Freeze by Vehumet.
  5422 | D:6      | Reached skill level 10 in Ice Magic
  5599 | D:6      | Found a burning altar of Makhleb.
  5671 | D:6      | Learned a level 1 spell: Freeze
  6120 | D:7      | Found an opulent altar of Gozag.
  6154 | D:7      | Reached skill level 11 in Ice Magic
  6234 | D:7      | Found an opulent altar of Gozag.
  6239 | D:7      | Found an opulent altar of Gozag.
  6253 | D:7      | Found an opulent altar of Gozag.
  6607 | D:7      | Found a basalt altar of Yredelemnul.
  7018 | D:8      | Found a flagged portal.
  7032 | D:8      | Offered knowledge of Sandblast by Vehumet.
  7041 | D:8      | Reached ** piety under Vehumet
  7049 | Bailey   | Entered a bailey
  7143 | Bailey   | Reached skill level 12 in Ice Magic
  7263 | Bailey   | Reached XP level 10. HP: 68/68 MP: 13/16
  7333 | Bailey   | Identified the +5 arbalest of the Final Nightmares {freeze,
                  | rElec rC- rN+++}
  7346 | Bailey   | Noticed a two-headed ogre
  7360 | Bailey   | Killed a two-headed ogre
  7361 | Bailey   | Reached skill level 13 in Ice Magic
  8409 | D:9      | Offered knowledge of Inner Flame by Vehumet.
  8416 | D:9      | Reached skill level 1 in Armour
  8537 | D:9      | Noticed a two-headed ogre
  8577 | D:8      | Reached skill level 14 in Ice Magic
  8675 | D:8      | Killed a two-headed ogre
  8797 | D:9      | Learned a level 3 spell: Inner Flame
  8909 | D:9      | Reached *** piety under Vehumet
  8945 | D:9      | Gained mutation: Your movements are less encumbered by
                  | armour. (ER -4) [demonic ancestry]
  8945 | D:9      | Reached XP level 11. HP: 43/73 MP: 3/17
  9142 | D:9      | Noticed Amaemon
  9155 | D:9      | Killed Amaemon
  9595 | D:9      | Learned a level 3 spell: Hailstorm
  9633 | D:10     | Entered Level 10 of the Dungeon
  9691 | D:10     | Found a staircase to the Lair.
  9699 | D:10     | Offered knowledge of Mephitic Cloud by Vehumet.
  9820 | D:10     | Found a staircase to the Orcish Mines.
  9843 | D:10     | Reached skill level 15 in Ice Magic
 10365 | Lair:1   | Entered Level 1 of the Lair of Beasts
 10512 | Lair:1   | Noticed Fannar
 10562 | Lair:1   | Killed Fannar
 10563 | Lair:1   | Reached skill level 5 in Armour
 10639 | Lair:1   | Reached **** piety under Vehumet
 10928 | Lair:1   | Noticed an oklob plant
 11003 | Lair:1   | Noticed a death yak
 11034 | Lair:1   | Killed a death yak
 11035 | Lair:1   | Reached skill level 16 in Ice Magic
 11035 | Lair:1   | Reached XP level 12. HP: 80/80 MP: 6/18
 11076 | Lair:1   | Noticed a death yak
 11105 | Lair:1   | Killed a death yak
 11116 | Lair:1   | Noticed a death yak
 11117 | Lair:1   | Noticed a death yak
 11133 | Lair:1   | Killed a death yak
 11137 | Lair:1   | Killed a death yak
 11486 | Lair:2   | Offered knowledge of Fireball by Vehumet.
 11516 | Lair:2   | Noticed a four-headed hydra
 11533 | Lair:2   | Killed a four-headed hydra
 11850 | Lair:2   | Found a staircase to the Swamp.
 12236 | Lair:3   | Noticed a six-headed hydra
 12246 | Lair:3   | Killed a six-headed hydra
 12315 | Lair:3   | Reached skill level 5 in Spellcasting
 12610 | Lair:3   | Noticed an anaconda
 12615 | Lair:3   | Killed an anaconda
 12618 | Lair:3   | Noticed a four-headed hydra
 12698 | Lair:3   | Noticed a boulder beetle
 12706 | Lair:3   | Killed a boulder beetle
 12726 | Lair:3   | Found a hole to the Spider Nest.
 12727 | Lair:3   | Reached ***** piety under Vehumet
 12733 | Lair:3   | Offered knowledge of Spellforged Servitor by Vehumet.
 12861 | Lair:3   | Found a runed translucent gate.
 12862 | Lair:3   | Found a runed translucent gate.
 12862 | Lair:3   | Found a runed translucent gate.
 12864 | Lair:3   | Noticed Wintance's ghost (journeyman FoFi)
 12997 | Lair:3   | Killed a four-headed hydra
 12998 | Lair:3   | Gained mutation: You are robust. (+10% HP) [demonic
                  | ancestry]
 12998 | Lair:3   | Reached XP level 13. HP: 78/93 MP: 9/25
 13508 | Lair:4   | Identified a scroll of acquirement
 13602 | Lair:4   | Noticed Kirke
 13643 | Lair:4   | Noticed a sphinx
 13711 | Lair:4   | Killed Kirke
 13730 | Lair:4   | Found a frozen archway.
 13744 | Lair:4   | Acquired the Collected Works on Displaced Spelunking
 13754 | Lair:4   | Learned a level 7 spell: Malign Gateway
 13769 | IceCv    | Entered an ice cave
 14015 | Lair:4   | Reached skill level 1 in Summonings
 14022 | Lair:4   | Reached skill level 1 in Translocations
 14040 | Lair:4   | Found a viscous altar of Jiyva.
 14041 | Lair:4   | Found a staircase to the Slime Pits.
 14725 | Lair:5   | Entered Level 5 of the Lair of Beasts
 14734 | Lair:5   | Reached skill level 5 in Fighting
 14893 | Lair:5   | Offered knowledge of Fulminant Prism by Vehumet.
 14945 | Lair:5   | Gained mutation: Your movements are significantly less
                  | encumbered by armour. (ER -6) [demonic ancestry]
 14945 | Lair:5   | Reached XP level 14. HP: 99/115 MP: 13/27
 15762 | Lair:5   | Learned a level 4 spell: Fulminant Prism
 16581 | Lair:5   | Reached skill level 10 in Fighting
 16603 | Lair:5   | Reached skill level 5 in Dodging
 16659 | Lair:5   | Identified the +9 battleaxe of Ubeerchy {flame, rCorr
                  | Str+5}
 17070 | D:11     | Offered knowledge of Freezing Cloud by Vehumet.
 17654 | D:11     | Noticed Grum
 17656 | D:11     | Killed Grum
 17657 | D:11     | Noticed Lodul
 17663 | D:11     | Killed Lodul
 17875 | D:12     | Found a gate leading to a gauntlet.
 17889 | Gauntlet | Entered a Gauntlet
 17889 | Gauntlet | Found a transporter.
 17889 | Gauntlet | Found a transporter.
 17893 | Gauntlet | Found a transporter.
 17895 | Gauntlet | Found a transporter.
 17900 | Gauntlet | Found a transporter.
 17919 | Gauntlet | Found a transporter.
 17923 | Gauntlet | Found the +12 pair of quick blades "Gyre" and "Gimble"
                  | {protect}
 17925 | Gauntlet | Found a large runed translucent door.
 17926 | Gauntlet | Found a large runed translucent door.
 17928 | Gauntlet | Found a runed translucent gate.
 17929 | Gauntlet | Found a transporter.
 17929 | Gauntlet | Found a transporter.
 17929 | Gauntlet | Found a runed translucent gate.
 17930 | Gauntlet | Found a runed translucent gate.
 17932 | Gauntlet | Found a large runed translucent door.
 17933 | Gauntlet | Found a large runed translucent door.
 17938 | Gauntlet | Found a large runed translucent door.
 17938 | Gauntlet | Found a large runed translucent door.
 17939 | Gauntlet | Found a large runed translucent door.
 17939 | Gauntlet | Found a large runed translucent door.
 17941 | Gauntlet | Found a transporter.
 17944 | Gauntlet | Found a large runed translucent door.
 17944 | Gauntlet | Found a large runed translucent door.
 17944 | Gauntlet | Found a runed translucent door.
 17944 | Gauntlet | Found a runed translucent door.
 17945 | Gauntlet | Found a large runed translucent door.
 17946 | Gauntlet | Found a large runed translucent door.
 17948 | Gauntlet | Found a transporter.
 17960 | Gauntlet | Found a transporter.
 17978 | Gauntlet | Found a transporter.
 18022 | Gauntlet | Found a transporter.
 18042 | Gauntlet | Found a transporter.
 18137 | Gauntlet | Found a transporter.
 18151 | Gauntlet | Found a transporter.
 18166 | Gauntlet | Found a large runed translucent door.
 18167 | Gauntlet | Found a large runed translucent door.
 18168 | Gauntlet | Found a large runed translucent door.
 18169 | Gauntlet | Found a large runed translucent door.
 18260 | Gauntlet | Noticed a reaper
 18306 | Gauntlet | Reached XP level 15. HP: 130/130 MP: 28/28
 18398 | Gauntlet | Identified the +2 pair of gloves of Fioluc {Harm Str+3}
 18433 | Gauntlet | Identified the +1 helmet of the Depths {rN+ Slay+2}
 18491 | Gauntlet | Identified the +8 great sword "Lifebane" {vorpal, *Slow
                  | rPois Str+4}
 18672 | D:12     | Noticed Snorg
 18745 | D:12     | Reached skill level 1 in Short Blades
 19002 | D:12     | Got Wipaq's Octavo of Sand
 19011 | D:12     | Got Ts'ui Pên's Quarto of Forking Paths
 19091 | D:12     | Killed Snorg
 19289 | D:12     | Got Sif Muna's Catalogue of Plaster Cramp
 19504 | Orc:1    | Entered Level 1 of the Orcish Mines
 19552 | Orc:2    | Entered Level 2 of the Orcish Mines
 19594 | Orc:2    | Found a staircase to the Elven Halls.
 19705 | Orc:2    | Noticed Rupert
 19707 | Orc:2    | Reached skill level 10 in Spellcasting
 19715 | Orc:2    | Killed Rupert
 19715 | Orc:2    | Offered knowledge of Conjure Ball Lightning by Vehumet.
 19812 | Orc:2    | Found Faak's Antique Armour Shop.
 19825 | Orc:2    | Found Toniem's Antique Weapon Boutique.
 19846 | Orc:2    | Found an ancient bone altar of Kikubaaqudgha.
 19847 | Orc:2    | Noticed Nergalle
 19850 | Orc:2    | Killed Nergalle
 19907 | Orc:2    | Reached XP level 16. HP: 139/139 MP: 18/30
 19924 | Orc:2    | Found a radiant altar of Vehumet.
 19980 | Orc:2    | Found Muhim's Book Shop.
 19991 | Orc:2    | Found Udgheibb's Magic Scroll Boutique.
 20005 | Orc:2    | Learned a level 5 spell: Borgnjor's Vile Clutch
 20352 | Orc:2    | Reached skill level 5 in Short Blades
 20909 | Orc:1    | Noticed Jorgrun
 20913 | Orc:1    | Killed Jorgrun
 21278 | D:13     | Reached ****** piety under Vehumet
 21364 | D:13     | Offered knowledge of Irradiate by Vehumet.
 21372 | D:13     | Found a gate to the Vaults.
 21426 | D:13     | Noticed Lanoc's ghost (journeyman DsIE)
 21499 | D:13     | Found a transporter.
 21504 | D:13     | Found a transporter.
 21678 | D:13     | Found an iron altar of Okawaru.
 21806 | D:13     | Killed Lanoc's ghost
 21870 | D:13     | Identified the amulet of the Evening {Spirit Str+4}
 21975 | D:14     | Identified the +3 chain mail of the Slorg {rF++ rCorr Int+3
                  | Stlth+}
 22610 | D:15     | Entered Level 15 of the Dungeon
 22661 | D:15     | Paralysed by something for 2 turns
 22822 | D:15     | Found an ancient bone altar of Kikubaaqudgha.
 23057 | D:15     | Found a staircase to the Depths.
 23060 | D:15     | Identified the +1 scale mail of Immorality {MP+9 Dex+2}
 23130 | D:15     | Offered knowledge of Yara's Violent Unravelling by Vehumet.
 23232 | D:15     | Found Gatoneg's Book Emporium.
 23602 | Spider:1 | Entered Level 1 of the Spider Nest
 23697 | Spider:1 | Noticed Josephine
 23707 | Spider:1 | Killed Josephine
 23772 | Spider:1 | You fall into a shaft and drop 1 floor!
 23796 | Spider:2 | Reached XP level 17. HP: 146/146 MP: 5/35
 24104 | Spider:2 | Reached skill level 15 in Spellcasting
 24226 | Spider:2 | Noticed Asterion
 24249 | Spider:2 | Killed Asterion
 24609 | Spider:3 | Offered knowledge of Orb of Destruction by Vehumet.
 25376 | Spider:3 | Identified the +0 pair of gloves of the Butterfly {Regen+
                  | Slay+2}
 25380 | Spider:3 | Identified the -2 robe of Ignis's Esteem {Will+}
 25618 | Spider:4 | Entered Level 4 of the Spider Nest
 26016 | Spider:4 | Offered knowledge of Shatter by Vehumet.
 26016 | Spider:4 | Offered knowledge of Chain Lightning by Vehumet.
 26016 | Spider:4 | Offered knowledge of Ignition by Vehumet.
 26696 | Spider:4 | Reached skill level 17 in Ice Magic
 26794 | Spider:4 | Reached XP level 18. HP: 152/152 MP: 33/39
 26930 | Spider:4 | HP: 3/152 [poisoned by an emperor scorpion]
 27237 | Spider:4 | Identified the -1 hat "Siucapt" {-Cast Regen+ Str+7 Dex-3}
 27239 | Spider:4 | Got a gossamer rune of Zot
 27438 | Swamp:1  | Entered Level 1 of the Swamp
 27809 | Swamp:1  | Identified the +4 hand axe "Gasut" {vorpal, rElec rC- Int+8
                  | Dex+4}
 28124 | Swamp:2  | Reached skill level 18 in Ice Magic
 28263 | Swamp:2  | Paralysed by a fenstrider witch for 3 turns
 29358 | Swamp:4  | Entered Level 4 of the Swamp
 29469 | Swamp:4  | Reached skill level 19 in Ice Magic
 29840 | Swamp:4  | Got a decaying rune of Zot
 30409 | Elf:1    | Entered Level 1 of the Elven Halls
 30457 | Elf:1    | Noticed Agnes
 30732 | Elf:1    | Paralysed by an air elemental for 1 turns
 30833 | Elf:1    | Reached skill level 5 in Summonings
 31015 | Elf:1    | Killed Agnes
 31016 | Elf:1    | Reached XP level 19. HP: 151/159 MP: 17/40
 31057 | Elf:1    | Reached skill level 5 in Translocations
 31135 | Elf:1    | Found Mautele's Armour Emporium.
 31152 | Elf:1    | Bought a +1 pair of boots of rampaging for 231 gold pieces
 31327 | Elf:1    | Got the Spellbook of Enthralling Transfiguration
 32328 | Elf:2    | Paralysed by an air elemental for 1 turns
 32332 | Elf:2    | Paralysed by an air elemental for 1 turns
 32550 | Elf:2    | Found a huge runed translucent gate.
 32550 | Elf:2    | Found a huge runed translucent gate.
 32550 | Elf:2    | Found a huge runed translucent gate.
 32550 | Elf:2    | Found a huge runed translucent gate.
 32555 | Elf:2    | Found a huge runed translucent gate.
 32726 | Elf:3    | Entered Level 3 of the Elven Halls
 33330 | Elf:3    | Noticed Saint Roka
 33478 | Elf:3    | Paralysed by an air elemental for 1 turns
 33485 | Elf:3    | Paralysed by an air elemental for 1 turns
 33621 | Elf:3    | Gained mutation: You do not regenerate when monsters are
                  | visible. [mutagenic glow]
 33631 | Elf:3    | Gained mutation: Your magical capacity is low. (-10% MP)
                  | [mutagenic glow]
 33800 | Elf:3    | Killed Saint Roka
 34113 | Elf:3    | Reached skill level 10 in Summonings
 34154 | Elf:3    | Lost mutation: Your magical capacity is low. (-10% MP)
                  | [potion of mutation]
 34154 | Elf:3    | Lost mutation: You do not regenerate when monsters are
                  | visible. [potion of mutation]
 34154 | Elf:3    | Gained mutation: Your magical capacity is low. (-10% MP)
                  | [potion of mutation]
 34155 | Elf:3    | Lost mutation: Your magical capacity is low. (-10% MP)
                  | [potion of mutation]
 34155 | Elf:3    | Gained mutation: Your flesh is heat resistant. (rF+)
                  | [potion of mutation]
 34273 | Elf:3    | Reached XP level 20. HP: 167/167 MP: 4/41
 34581 | Elf:3    | Got the Spellbook of Sandy Envenoming
 34886 | Vaults:1 | Entered Level 1 of the Vaults
 34954 | Vaults:1 | Reached skill level 1 in Shields
 35078 | Vaults:1 | Found a runed translucent gate.
 35079 | Vaults:1 | Found a runed translucent gate.
 35080 | Vaults:1 | Found a runed translucent gate.
 35497 | Vaults:1 | Reached skill level 20 in Ice Magic
 35826 | Vaults:1 | Noticed Plog's ghost (adept AtMo)
 36022 | Vaults:1 | Found Tintimug's Antique Weapon Shoppe.
 36390 | Vaults:1 | Identified the +0 cloak of the Eight Boll Weevils {Str+2}
 36391 | Vaults:1 | Identified the +0 pair of gloves "Beneduha" {+Blink rElec
                  | Int-2 SInv}
 36953 | Vaults:2 | Reached skill level 10 in Translocations
 37064 | Vaults:2 | HP: 7/167 [vault warden/+0 battleaxe (27)]
 37309 | Vaults:2 | HP: 8/167 [ironbound frostheart/creeping frost (21)]
 37448 | Vaults:2 | Identified the +5 triple crossbow of Luxury {penet, rPois}
 37486 | Vaults:2 | Noticed Jory
 37487 | Vaults:2 | Noticed Boris
 37498 | Vaults:2 | Killed Boris
 37510 | Vaults:2 | Killed Jory
 37719 | Vaults:2 | Reached skill level 1 in Fire Magic
 37720 | Abyss:2  | Cast into level 2 of the Abyss (a wizard)
 37776 | Vaults:2 | Escaped the Abyss
 37777 | Vaults:2 | HP: 8/167 [green ugly thing[a wizard] (1)]
 37985 | Vaults:2 | HP: 8/167 [centaur warrior/arrow (3)]
 37990 | Vaults:2 | HP: 7/167 [centaur warrior/arrow (6)]
 37991 | Vaults:2 | Shot with an arrow by a centaur warrior

Illustrated notes

Levels and vault maps discovered:
D:1:      shiori_arrival_maze, layout_rooms,
          shapermc_ecumenical_altar_mp_ritualfount
D:2:      layout_basic
D:3:      layout_basic, mainiacjoe_overflow_brackets,
          mainiacjoe_overflow_surrounded_room, minmay_gold_behind_fungi
D:4:      kennysheep_kobold_camp, layout_rooms, nicolae_vehumet_altar_sigil
D:5:      layout_basic, nicolae_qazlal_style_of_elements,
          nzn_wu_jian_contemplation, chequers_temple_overflow_minitemple,
          minmay_temple_entry_hall, uniq_duvessa, uniq_pikel
D:6:      layout_loops_ring, makhleb_grotto_becter, gammafunk_ghost_split,
          gup_sewer_entry_glass
D:7:      layout_basic, lemuel_zombie_altar_yredelemnul,
          nicolae_gozag_conspicuous_consumption,
          amcnicky_mini_rare_corridor_liquid
D:8:      layout_basic, enter_bailey_5
D:9:      statuecave_lemuel, layout_cross, uniq_amaemon
D:10:     layout_roguey, overflow_temple_1_default, lair_entry_dummy,
          minmay_orc_entry_guard_dogs
D:11:     layout_gridville, minmay_statue_bubble, uniq_lodul, uniq_grum
D:12:     layout_cave_pools, gauntlet_entry_generic, bh_hangedman_babel_library,
          uniq_snorg
D:13:     layout_rooms, david_vaults_3, gammafunk_ghost_hive,
          okawaru_ov_weapons_minmay
D:14:     layout_rooms, dreamdust_wishing_well
D:15:     hangedman_depths_entry_civil_slaughter, layout_irregular_city,
          kiku_gazebo_garden_becter, serial_shops, nicolae_shop_waterfront
Lair:1:   layout_gridlike, minmay_lair_oklob_bushes, uniq_fannar
Lair:2:   layout_long_grid, swamp_mist
Lair:3:   layout_loops_ring, nicolae_spider_entry_non_spiders,
          gammafunk_ghost_necromancy, nicolae_lair_lakeside_cave
Lair:4:   layout_gridlike, minmay_slime_entry_oklob_open,
          portal_ice_cave_entry_imps, chequers_serial_rivers_large_a,
          minivault_24, uniq_kirke
Lair:5:   guppyfry_lair_end_dragon, layout_concentric_octagons,
          hangedman_lair_tendril_chambers, st_stairs_11
Swamp:1:  layout_basic_swamp, serial_swamp_ruin, evilmike_swamp_ruin_house_3,
          evilmike_swamp_ruin_rubble_2, evilmike_swamp_ruin_house_5
Swamp:2:  layout_falls_marsh, evilmike_swamp_ruin_house_1, swamp_pool2,
          infiniplex_staircase_pool
Swamp:3:  layout_basic_swamp, evilmike_swamp_ruin_house_4
Swamp:4:  swamp_alternative, layout_basic_swamp, swamp_pool1
Spider:1: layout_spider_delve, uniq_josephine
Spider:2: layout_spider_delve, nicolae_spider_paper_wasps,
          nicolae_spider_cling_halls, uniq_asterion
Spider:3: layout_spider_delve, hellmonk_motheaten_closet
Spider:4: spider_rune_water
Orc:1:    layout_diamond_mine, nicolae_orc_lava_room, uniq_jorgrun
Orc:2:    kennysheep_orc_mage_school, layout_caves, basic_altar, uniq_rupert
Elf:1:    minmay_elf_arrival_summoners, layout_loops_corners, serial_shops,
          nicolae_shop_stone, hangedman_corner_corridor,
          nicolae_elf_blasts_and_bolts, uniq_agnes
Elf:2:    elven_hall_of_blades_hangedman_alternative [grunt_blade_entry_basic],
          layout_gridlike, nicolae_elf_martial_mastery
Elf:3:    minmay_elf_hall_spiked, layout_geoelf_castle, uniq_saint_roka
Vaults:1: gammafunk_ghost_tricky_traps, v_misc_30, vaults_dpeg_encased_lava,
          nicolae_vaults_diagonal_hallway_8, ontoclasm_vaults_twist,
          dpeg_vaults_monster_row, layout_vaults_omnigrid, serial_shops,
          nicolae_shop_behind_doors
Vaults:2: v_misc_23, vaults_mumra_hex, v_misc_1,
          minmay_crypt_entry_simple_statues, v_misc_22, ontoclasm_vaults_bender,
          vaults_mumra_minichess_inversion, hangedman_vaults_pinch,
          vaults_dpeg_emergency_exit, v_misc_27,
          nicolae_vaults_yaktaur_gun_rack, nicolae_vaults_little_squares_3,
          vaults_dpeg_ring, layout_vaults_chaotic_city, uniq_zenata,
          uniq_sojobo, uniq_jory, uniq_frederick, uniq_boris

Skill      XL: |  1  2  3  4  5  6  7  8  9 10 11 12 13 14 15 16 17 18 19 20 |
---------------+-------------------------------------------------------------+-----
Dodging        | 2 7 |  7.5
Maces & Flails | 3 4 |  4.0
Ice Magic      | 1 2 3 4 7 9 12 14 16 17 19 20 | 20.5
Spellcasting   | 3 4 8 9 10 14 17 | 17.6
Armour         | 3 6 7 |  7.3
Summonings     | 3 5 10 11 | 11.6
Translocations | 3 4 9 10 | 10.6
Fighting       | 8 11 | 11.7
Short Blades   | 4 8 |  8.0
Shields        | 4 |  4.0
Fire Magic     | 3 |  3.1
Conjurations   | |  3.3

Action                   |  1- 3 |  4- 6 |  7- 9 | 10-12 | 13-15 | 16-18 | 19-21 || total
-------------------------+-------+-------+-------+-------+-------+-------+-------++-------
Melee: Mace              |    46 |       |       |       |       |       |       ||    46
       Whip              |    77 |    20 |       |       |       |       |       ||    97
       Tailslap          |     4 |    12 |    28 |    46 |    27 |    88 |    71 ||   276
       Rapier            |       |   112 |   286 |   366 |   135 |       |       ||   899
       Punch             |       |     2 |       |     3 |     4 |       |       ||     9
       Pair of quick bla |       |       |       |       |     7 |   459 |   145 ||   611
       Morningstar       |       |       |       |       |       |       |   128 ||   128
Throw: Dart              |       |       |       |     3 |     1 |       |       ||     4
 Cast: Ozocubu's Armour  |       |       |     8 |     3 |       |       |     2 ||    13
       Freeze            |       |       |     8 |     7 |       |       |       ||    15
       Ozocubu's Refrige |       |       |       |   106 |   238 |   500 |   343 ||  1187
       Hailstorm         |       |       |       |     5 |       |       |       ||     5
       Fulminant Prism   |       |       |       |       |     6 |       |     5 ||    11
       Malign Gateway    |       |       |       |       |       |       |     6 ||     6
Evoke: Wand              |       |       |       |     2 |       |     1 |     1 ||     4
  Use: Scroll            |       |    13 |     4 |     3 |    16 |     5 |    15 ||    56
       Potion            |       |       |       |     1 |     6 |     3 |    25 ||    35
 Stab: Paralysed         |       |       |       |       |       |       |     1 ||     1
Armor: Leather armour    |    40 |    39 |   135 |    45 |       |       |       ||   259
       Acid dragon scale |       |       |       |   267 |   189 |       |       ||   456
       Troll leather arm |       |       |       |       |    31 |    49 |   230 ||   310
       Ring mail         |       |       |       |       |       |   319 |       ||   319
Dodge: Dodged            |    86 |    69 |   178 |   298 |   188 |   299 |   239 ||  1357
Block: Other             |       |    18 |    72 |    70 |       |       |       ||   160
       Reflection        |       |     2 |     5 |     3 |       |       |    20 ||    30
       Buckler           |       |       |       |       |       |       |   130 ||   130

Table legend: (Time is in decaauts)
 A = Elapsed time spent in this place.
 B = Non-inter-level travel time spent in this place.
 C = Inter-level travel time spent in this place.
 D = Time resting spent in this place.
 E = Time spent auto-exploring this place.
 F = Levels seen in this place.
 G = Mean time per level.
                   A        B        C        D        E       F      G
               +--------+--------+--------+--------+--------+-----+--------+
         Total |  38184 |  35672 |   2512 |    926 |  26713 |  40 |  954.6 |
       Dungeon |  14207 |  12934 |   1273 |    104 |  10112 |  15 |  947.1 |
          Lair |   6890 |   6437 |    453 |    274 |   4626 |   5 | 1378.0 |
         Swamp |   3064 |   2934 |    130 |    177 |   2304 |   4 |  766.0 |
   Spider Nest |   3603 |   3443 |    160 |    127 |   2600 |   4 |  900.8 |
  Orcish Mines |   1657 |   1430 |    227 |      0 |   1197 |   2 |  828.5 |
   Elven Halls |   4238 |   4090 |    148 |    237 |   2894 |   3 | 1412.7 |
        Vaults |   3061 |   2944 |    117 |      5 |   2194 |   2 | 1530.5 |
         Abyss |     58 |     58 |      0 |      0 |      0 |   1 |   58.0 |
         Sewer |    114 |    114 |      0 |      0 |     83 |   1 |  114.0 |
        Bailey |    495 |    495 |      0 |      0 |    309 |   1 |  495.0 |
      Ice Cave |     28 |     28 |      0 |      0 |      9 |   1 |   28.0 |
      Gauntlet |    763 |    763 |      0 |      2 |    381 |   1 |  763.0 |
               +--------+--------+--------+--------+--------+-----+--------+

Top non-repeatable levels by time:
  Lair:5: 2320 daAuts
Vaults:1: 2067 daAuts
   Elf:3: 1679 daAuts
Spider:4: 1607 daAuts
   Elf:1: 1481 daAuts
  Lair:3: 1425 daAuts
     D:7: 1325 daAuts
     D:8: 1223 daAuts
   Orc:2: 1197 daAuts
  Lair:4: 1178 daAuts
     D:4: 1163 daAuts
     D:5: 1121 daAuts
  Lair:1: 1107 daAuts
   Elf:2: 1077 daAuts
     D:2: 1024 daAuts
